 Dungeon Crawl Stone Soup version 0.28-a0-991-g956f0ee3d5 (webtiles) character file.

Game seed: 12901864891737433594

5657 MacCMillion the Grappler (level 10, -4/96 HPs)
             Began as a Troll Earth Elementalist on Dec 5, 2021.
             Was a High Priest of Ignis.
             Slain by a ten-headed hydra (9 damage)
             ... on level 11 of the Dungeon.
             The game lasted 00:38:59 (7319 turns).

MacCMillion the Grappler (Troll Earth Elementalist) Turns: 7319, Time: 00:38:59

Health: -4/96      AC: 10    Str: 18    XL:     10   Next: 46%
Magic:  0/13       EV: 10    Int: 15    God:    Ignis [*****.]
Gold:   357        SH:  0    Dex: 10    Spells: 5/15 levels left

rFire   + + +      SeeInvis .     - Unarmed
rCold   + . .      Faith    .   (no shield)
rNeg    . . .      Spirit   +   L - +0 troll leather armour
rPois   .          Reflect  .   (helmet restricted)
rElec   .          Harm     .   C - scarf {rC+ rF+}
rCorr   .          Rampage  .   (gloves unavailable)
Will    .....                   (boots unavailable)
Stlth   +.........              i - amulet of guardian spirit
HPRegen 1.86/turn               H - +4 ring of protection
MPRegen 0.13/turn               s - ring of protection from fire

@: no status effects
A: large, unfitting armour, claws 3, regeneration 1, shaggy fur 1, tough skin 1
a: Renounce Religion, Fiery Armour, Foxfire Swarm, Rising Flame


You were on level 11 of the Dungeon.
You worshipped Ignis.
Ignis was extremely pleased with you.
You visited 1 branch of the dungeon, and saw 10 of its levels.

You collected 525 gold pieces.
You spent 168 gold pieces at shops.

Inventory:

Hand Weapons
 l - a +1 vorpal flail
 G - a +0 giant spiked club
Missiles
 c - 141 stones
 w - 4 javelins
 x - 61 poisoned darts
Armour
 b - a +0 robe
 r - a +1 cloak
 C - a scarf of resistance (worn)
 J - a +0 buckler
 L - a +0 troll leather armour (worn)
Magical Staves
 E - a staff of conjuration
Jewellery
 a - an amulet of faith
 i - an amulet of guardian spirit (around neck)
 s - a ring of protection from fire (right claw)
 v - a +6 ring of dexterity
 H - a +4 ring of protection (left claw)
Wands
 y - a wand of flame (15)
Scrolls
 f - 3 scrolls of magic mapping
 j - 3 scrolls of immolation
 k - 2 scrolls of enchant armour
 n - a scroll of enchant weapon
 o - a scroll of fog {unknown}
 u - 2 scrolls of teleportation {unknown}
 z - 2 scrolls of blinking
 F - a scroll of fear {unknown}
 K - a scroll of torment {unknown}
Potions
 d - a potion of brilliance
 e - 6 potions of degeneration
 g - a potion of magic
 h - a potion of mutation {unknown}
 m - a potion of curing
 p - a potion of berserk rage
 q - 2 potions of ambrosia {unknown}
 t - 2 potions of attraction {unknown}
 A - a potion of lignification {unknown}
 B - a potion of heal wounds
 D - a potion of invisibility {unknown}
 I - 2 potions of flight {unknown}


   Skills:
 - Level 5.0 Fighting
 - Level 4.0 Dodging
 - Level 1.0 Stealth
 - Level 11.0 Unarmed Combat
 - Level 3.0 Spellcasting
 + Level 0.2 Necromancy
 - Level 1.0 Transmutations
 - Level 7.0 Earth Magic


You had 5 spell levels left.
You knew the following spells:

 Your Spells              Type           Power      Damage    Failure   Level
a - Sandblast             Erth           46%        2d11      1%          1
b - Passwall              Tmut/Erth      11%        N/A       7%          2
c - Stone Arrow           Conj/Erth      24%        3d8       17%         3
d - Petrify               Tmut/Erth      14%        N/A       41%         4

Your spell library contained the following spells:

 Spells                   Type           Power      Damage    Failure   Level
 Pain                     Necr           12%        1d4       22%         1
 Agony                    Necr           3%         N/A       99%         5
 Excruciating Wounds      Necr           1%         N/A       99%         5


Dungeon Overview and Level Annotations

Branches:
Dungeon (11/15)            Temple (0/1) D:6             Orc (0/2) D:11
   Lair: D:8-11

Altars:
Elyvilon
Gozag
Hepliaklqana
Nemelex Xobeh
Qazlal
Ignis

Shops:
D:3 !   D:7 :   D:11 (

Annotations:
D:7 exclusion: 6 doors
D:10 Sonja


Innate Abilities, Weirdness & Mutations

You are too large for most types of armour.
You have claws for hands.
Your natural rate of healing is unusually fast.
You are covered in fur. (AC +1)
You have tough skin. (AC +1)


Message History

The ten-headed hydra bites you but does no damage.
The ten-headed hydra closely misses you.
The ten-headed hydra bites you but does no damage.
The ten-headed hydra bites you. x2
The ten-headed hydra closely misses you.
There is a large open door here.
Press: ? - help, v - describe, . - travel A stone wall.
Casting: Sandblast (safe; 1% risk of failure)
Confirm with . or Enter, or press ? or * to list all spells.
You aren't next to any passable walls.
The ten-headed hydra barely misses you. x3; The ten-headed hydra bites you! x3
The ten-headed hydra bites you. The ten-headed hydra bites you!
The ten-headed hydra bites you but does no damage. x2
The ten-headed hydra bites you.
The ten-headed hydra barely misses you. x2
The ten-headed hydra bites you! The ten-headed hydra misses you.
The ten-headed hydra bites you but does no damage.
The ten-headed hydra bites you.
The ten-headed hydra bites you but does no damage.
The ten-headed hydra bites you!
* * * LOW HITPOINT WARNING * * *
The ten-headed hydra bites you but does no damage.
There is a large open door here.
The ten-headed hydra closely misses you.
The ten-headed hydra bites you.
The ten-headed hydra bites you but does no damage.
The ten-headed hydra closely misses you.
The ten-headed hydra bites you! The ten-headed hydra barely misses you.
The ten-headed hydra bites you!
* * * LOW HITPOINT WARNING * * *
The ten-headed hydra barely misses you. The ten-headed hydra misses you.
The ten-headed hydra bites you!
* * * LOW HITPOINT WARNING * * *
Unknown command.
The ten-headed hydra completely misses you.
The ten-headed hydra bites you but does no damage.
The ten-headed hydra bites you.
* * * LOW HITPOINT WARNING * * *
The ten-headed hydra bites you!
You die...

#.#.....#.###.#######.# #.#
#.#.....#........# #.# #.#
#.#.....#############.########.#
..####..######## #.............#
###............#################
#.####..######...####....####
........# ###.#..'.)..'..#
#.......# #.#..#....#..#
######### #@#####..#####
#.D...#''# #####....# ######


You could see a ten-headed hydra.

Vanquished Creatures
  Harold (D:10)
  2 two-headed ogres
  A kobold demonologist (D:11)
  A troll (D:11)
  Prince Ribbit (D:7)
  2 wyverns
  A steam dragon (D:7)
  3 water moccasins
  2 ice beasts
  An orc warrior (D:2)
  A necrophage (D:7)
  4 ogres
  Blork the orc (D:6)
  2 bullfrogs (D:7)
  2 kobold brigands
  7 scorpions (D:4)
  A killer bee (D:7)
  A howler monkey (D:6)
  3 centaur zombies
  3 hounds
  A jelly (D:6)
  3 orc priests
  2 gnoll shamans (D:6)
  An orc wizard (D:5)
  Terence (D:2)
  8 iguanas
  A scorpion zombie (D:5)
  2 howler monkey zombies
  4 adders
  9 gnolls
  2 howler monkey skeletons
  A shadow imp (D:7)
  3 white imps
  3 ufetubi
  3 dart slugs
  16 orcs
  15 bats
  8 endoplasms
  3 giant cockroaches
  11 goblins
  10 hobgoblins
  6 jackals
  10 kobolds
  6 quokkas
  7 ball pythons
  4 frilled lizards (D:2)
  6 rats
  A spectral orc (D:7)
187 creatures vanquished.

Vanquished Creatures (others)
  A kobold (D:8)
  36 foxfires (D:3)
  9 fungi (D:4)
46 creatures vanquished.

Grand Total: 233 creatures vanquished

Notes
Turn   | Place    | Note
-------+----------+-------------------------------------------
     0 | D:1      | MacCMillion the Troll Earth Elementalist began the quest
                  | for the Orb.
     0 | D:1      | Reached XP level 1. HP: 16/16 MP: 1/1
   245 | D:1      | Reached skill level 1 in Transmutations
   245 | D:1      | Reached XP level 2. HP: 24/24 MP: 2/2
   470 | D:1      | Reached skill level 1 in Unarmed Combat
   859 | D:2      | Reached XP level 3. HP: 31/31 MP: 3/3
   924 | D:2      | Noticed Terence
   961 | D:2      | Killed Terence
   962 | D:2      | Reached skill level 2 in Unarmed Combat
  1093 | D:2      | Reached XP level 4. HP: 40/40 MP: 4/4
  1154 | D:2      | Found a faded altar of an unknown god.
  1180 | D:2      | Prayed at the altar of an unknown god.
  1180 | D:2      | Became a worshipper of Ignis, the Dying Flame
  1546 | D:3      | Reached skill level 1 in Fighting
  1567 | D:3      | Noticed a water moccasin
  1705 | D:3      | Found an opulent altar of Gozag.
  1753 | D:3      | Killed a water moccasin
  1754 | D:3      | Reached skill level 3 in Unarmed Combat
  1754 | D:3      | Reached XP level 5. HP: 48/48 MP: 5/5
  1964 | D:3      | Noticed an orc warrior
  1974 | D:3      | Found Xatypegh's Distillery.
  2012 | D:2      | Killed an orc warrior
  2013 | D:2      | Reached skill level 4 in Unarmed Combat
  2013 | D:2      | Reached XP level 6. HP: 40/57 MP: 6/6
  2101 | D:3      | Bought a potion of curing for 42 gold pieces
  2101 | D:3      | Bought a potion of might for 56 gold pieces
  2317 | D:3      | Found a white marble altar of Elyvilon.
  2419 | D:3      | Bought a potion of berserk rage for 70 gold pieces
  2509 | D:4      | Reached skill level 5 in Unarmed Combat
  2595 | D:4      | Noticed an ice beast
  2627 | D:4      | Killed an ice beast
  2628 | D:4      | Reached XP level 7. HP: 65/65 MP: 2/7
  2914 | D:4      | Reached skill level 6 in Unarmed Combat
  3042 | D:4      | Reached skill level 5 in Earth Magic
  3435 | D:4      | Found a stormy altar of Qazlal.
  3622 | D:5      | Entered Level 5 of the Dungeon
  3698 | D:5      | Reached XP level 8. HP: 71/72 MP: 6/8
  3699 | D:5      | Reached skill level 7 in Unarmed Combat
  4427 | D:5      | Learned a level 2 spell: Passwall
  4431 | D:5      | Learned a level 3 spell: Stone Arrow
  4732 | D:6      | Noticed Blork the orc
  4748 | D:6      | Killed Blork the orc
  4945 | D:6      | Found a staircase to the Ecumenical Temple.
  4991 | D:6      | Found a sparkling altar of Nemelex Xobeh.
  5129 | D:6      | Reached XP level 9. HP: 66/79 MP: 9/11
  5244 | D:7      | Noticed Prince Ribbit
  5280 | D:7      | Killed Prince Ribbit
  5427 | D:7      | Noticed a rime drake
  5477 | D:7      | Found Agath's Book Emporium.
  5509 | D:7      | Learned a level 4 spell: Petrify
  5524 | D:7      | Noticed a rime drake
  5525 | D:7      | Noticed a rime drake
  5544 | D:7      | Noticed a rime drake
  5553 | D:7      | Noticed a rime drake
  5659 | D:7      | Reached skill level 8 in Unarmed Combat
  5680 | D:7      | Found the +4 skin of Zhor {*Englaciate rC+++ SInv}
  6029 | D:7      | Reached skill level 9 in Unarmed Combat
  6130 | D:7      | Found a hazy altar of Hepliaklqana.
  6416 | D:8      | You fall into a shaft and drop 2 floors!
  6416 | D:10     | Entered Level 10 of the Dungeon
  6426 | D:10     | Noticed Harold
  6454 | D:10     | Killed Harold
  6455 | D:10     | Reached skill level 10 in Unarmed Combat
  6549 | D:10     | Noticed a two-headed ogre
  6627 | D:10     | Killed a two-headed ogre
  6628 | D:10     | Reached skill level 11 in Unarmed Combat
  6628 | D:10     | Reached XP level 10. HP: 67/87 MP: 8/13
  6666 | D:10     | Noticed Sonja
  6948 | D:11     | Noticed a five-headed hydra
  7078 | D:11     | Found Huseh's Weapon Shoppe.
  7149 | D:11     | Noticed a two-headed ogre
  7160 | D:11     | Killed a two-headed ogre
  7161 | D:11     | Reached skill level 5 in Fighting
  7257 | D:11     | Found a staircase to the Orcish Mines.
  7319 | D:11     | Slain by a ten-headed hydra

Illustrated notes

Levels and vault maps discovered:
D:1:      dpeg_arrival_shelter, layout_loops_corners
D:2:      layout_loops_cross, hellmonk_ecumenical_altar_pennies_from_heaven,
          lightli_corner_chamber, uniq_terence
D:3:      layout_rooms, nicolae_gozag_seed_capital, old_standard_altar,
          serial_shops, shop
D:4:      old_forge, layout_basic, nicolae_qazlal_eye_of_the_storm,
          kennysheep_donut
D:5:      layout_basic, minmay_pentangle
D:6:      layout_rooms, mainiacjoe_overflow_alcove_2, minmay_temple_entry_hall,
          uniq_blork_the_orc
D:7:      layout_cave_pools, nicolae_hepliaklqana_monster_ancestors,
          serial_shops, nicolae_shop_hallway_plus, minivault_10,
          hellmonk_guarded_unrand_zhor, uniq_prince_ribbit1
D:8:      kb_forest_paths, layout_basic, serial_corexii_hall,
          corexii_hall_statues_u, chequers_hall_statues_y,
          kennysheep_pointless_box
D:10:     layout_loops_ring, tgw_sif, eat_drink_and_be_merry_uskayaw,
          lair_entry_dummy, uniq_sonja, uniq_harold, uniq_erica
D:11:     layout_loops_ring, orc_0_dummy, serial_co_window_serial,
          co_window_paths_a, co_window_paths_b, co_window_paths_a,
          co_window_corner_a, co_window_corner_a, co_window_broadway_c,
          co_window_broadway_a, co_window_2corner, co_window_unsneaky_path_d,
          co_window_broadway_b, glass_columns_b, glass_columns_b,
          glass_columns_b, nicolae_stop_n_shop_2, blue_anna_alchemist

Skill      XL: |  1  2  3  4  5  6  7  8  9 10 |
---------------+-------------------------------+-----
Earth Magic    | 3 4 5 7 |  7.0
Transmutations | 1 |  1.0
Unarmed Combat | 1 2 3 4 5 6 7 11 | 11.0
Fighting       | 1 2 5 |  5.0
Dodging        | 4 |  4.0
Spellcasting   | 2 3 |  3.0
Stealth        | |  1.0
Necromancy     | |  0.2

Action                   |  1- 3 |  4- 6 |  7- 9 | 10-12 || total
-------------------------+-------+-------+-------+-------++-------
Melee: Unarmed           |    93 |   132 |   379 |    33 ||   637
       Punch             |     1 |     2 |     9 |     2 ||    14
 Cast: Sandblast         |       |     5 |    22 |     5 ||    32
       Passwall          |       |       |     1 |     1 ||     2
       Petrify           |       |       |     1 |       ||     1
       Stone Arrow       |       |       |       |     1 ||     1
Invok: Foxfire Swarm     |       |     2 |       |       ||     2
  Use: Potion            |       |       |     7 |     2 ||     9
       Scroll            |       |       |     7 |     1 ||     8
 Stab: Sleeping          |     3 |     3 |     1 |       ||     7
Armor: Robe              |    20 |    53 |   171 |     4 ||   248
       Troll leather arm |       |       |       |    15 ||    15
Dodge: Dodged            |    39 |    80 |   254 |    45 ||   418

Table legend: (Time is in decaauts)
 A = Elapsed time spent in this place.
 B = Non-inter-level travel time spent in this place.
 C = Inter-level travel time spent in this place.
 D = Time resting spent in this place.
 E = Time spent auto-exploring this place.
 F = Levels seen in this place.
 G = Mean time per level.
                   A        B        C        D        E       F      G
               +--------+--------+--------+--------+--------+-----+--------+
         Total |   7285 |   7041 |    244 |    704 |   4271 |  10 |  728.5 |
       Dungeon |   7285 |   7041 |    244 |    704 |   4271 |  10 |  728.5 |
               +--------+--------+--------+--------+--------+-----+--------+

Top non-repeatable levels by time:
     D:4: 1177 daAuts
     D:7: 1065 daAuts
     D:5: 921 daAuts
     D:3: 828 daAuts
     D:2: 820 daAuts
     D:1: 776 daAuts
     D:6: 657 daAuts
    D:11: 640 daAuts
    D:10: 283 daAuts
     D:8: 113 daAuts
